 Dungeon Crawl Stone Soup version 0.28.0-45-g0d030f2227 (webtiles) character file.

Game seed: 7647753104468043364

5 MisterFreud the Slasher (level 1, -1/19 HPs)
             Began as a Draconian Cinder Acolyte on Mar 31, 2022.
             Was a High Priest of Ignis.
             Slain by a giant cockroach (2 damage)
             ... on level 2 of the Dungeon.
             The game lasted 00:01:00 (246 turns).

MisterFreud the Slasher (Draconian Cinder Acolyte)   Turns: 246, Time: 00:01:01

Health: -1/19      AC:  4    Str: 16    XL:     1   Next: 66%
Magic:  2/2        EV: 11    Int: 14    God:    Ignis [*****.]
Gold:   27         SH:  0    Dex:  6    Spells: 2/2 levels left

rFire   + . .      SeeInvis .   a - -1 falchion (flame)
rCold   . . .      Faith    .   (no shield)
rNeg    . . .      Spirit   .   (armour unavailable)
rPois   .          Reflect  .   (helmet restricted)
rElec   .          Harm     .   (no cloak)
rCorr   .          Rampage  .   (no gloves)
Will    .....                   (no boots)
Stlth   +.........              (no amulet)
HPRegen 0.06/turn               (no ring)
MPRegen 0.08/turn               (no ring)

@: no status effects
A: AC +4, unfitting armour, cold-blooded
a: Renounce Religion, Fiery Armour, Foxfire Swarm, Rising Flame


You were on level 2 of the Dungeon.
You worshipped Ignis.
Ignis was extremely pleased with you.
You visited 1 branch of the dungeon, and saw 2 of its levels.

You collected 27 gold pieces.

Inventory:

Hand Weapons
 a - a -1 falchion of flaming (weapon)
Scrolls
 c - a scroll of identify {unknown}
Potions
 b - a potion of brilliance {unknown}


   Skills:
 - Level 3.2 Fighting
 + Level 3.4 Long Blades
 - Level 1.0 Spellcasting
 - Level 3.0 Fire Magic


You had 2 spell levels left.
You didn't know any spells.
Your spell library contained the following spells:

 Spells                   Type           Power      Damage    Failure   Level
 Scorch                   Fire           18%        2d6       12%         2


Dungeon Overview and Level Annotations

Branches:
Dungeon (2/15)

Altars:


Innate Abilities, Weirdness & Mutations

Your plain brown scales are hard. (AC +4)
You cannot fit into any form of body armour.
You are cold-blooded and may be slowed by cold attacks.


Message History

The bat hits you but does no damage. The bat misses you.
The bat closely misses you. The bat hits you but does no damage.
The bat misses you. The bat closely misses you.
The bat hits you but does no damage. The bat barely misses you.
Found a scroll labelled HOOQ LEKHECSENICK.
The bat barely misses you. The bat closely misses you.
The bat hits you but does no damage.
You barely miss the bat. The bat hits you.
* * * LOW HITPOINT WARNING * * *
The bat barely misses you.
You miss the bat. The bat hits you but does no damage.
The bat barely misses you.
You closely miss the bat.
Your tail-slap misses the bat.
The bat completely misses you. The bat hits you.
* * * LOW HITPOINT WARNING * * *
The bat barely misses you. The bat barely misses you.
The bat hits you but does no damage. The bat barely misses you.
The bat closely misses you. The bat misses you.
The bat hits you but does no damage. x2
The bat barely misses you. The bat barely misses you.
The bat hits you but does no damage. The bat completely misses you.
The bat hits you but does no damage. x2
There is a stone staircase leading down here.
The bat hits you but does no damage.
You climb downwards.
There is a stone staircase leading up here.
A kobold comes into view. It is wielding a +0 short sword.
Found a stone staircase leading up.
The kobold shouts!
The kobold throws a stone.
The stone hits you.
* * * LOW HITPOINT WARNING * * *
The giant cockroach bites you.
You die...

. #
K...######.##
........@B..#
<....####...#
... ...# .
...# ...#
..## ..# #.#


You could see a giant cockroach.

Vanquished Creatures
  An endoplasm (D:1)
  A giant cockroach (D:1)
  A goblin (D:1)
  A kobold (D:1)
4 creatures vanquished.

Notes
Turn   | Place    | Note
-------+----------+-------------------------------------------
     0 | D:1      | MisterFreud the Draconian Cinder Acolyte began the quest
                  | for the Orb.
     0 | D:1      | Reached XP level 1. HP: 19/19 MP: 2/2
   246 | D:2      | Slain by a giant cockroach

Illustrated notes

Levels and vault maps discovered:
D:1:      minmay_arrival_glassed_features, layout_loops_ring,
          chequers_ecumenical_altar_grove, serial_shops,
          nicolae_shop_behind_doors
D:2:      layout_loops_ring, serial_shops, shop, uniq_robin

Action                   || total
-------------------------++-------
Melee: Falchion          ||    17
Armor: Skin              ||    22
Dodge: Dodged            ||    28
